 Dungeon Sprint DCSS version 0.17-a0-1442-g10bb59b (webtiles) character file.

252 nuthulu the Thaumaturge (level 5, 0/28 HPs)
             Began as a Deep Elf Fire Elementalist on June 27, 2015.
             Was a Believer of Vehumet.
             Slain by a phantom (7 damage)
             ... in the Dungeon (Sprint V: "Ziggurat Sprint").
             The game lasted 00:02:13 (322 turns).

nuthulu the Thaumaturge (Deep Elf Fire Elementalist) Turns: 322, Time: 00:02:13

Health: 0/28       AC:  2    Str:  5    XL:     5   Next: 89%
Magic:  1/21       EV: 12    Int: 33    God:    Vehumet [**....]
Gold:   0          SH:  6    Dex: 15    Spells: 3 memorised, 21 levels left

rFire  . . .     SeeInvis .     I - +5 quick blade
rCold  . . .     Clarity  .     a - +0 robe
rNeg   . . .     SustAt   .     J - +3 buckler
rPois  .         Gourm    .     (no helmet)
rElec  .         Spirit   .     (no cloak)
rCorr  .         Warding  .     (no gloves)
rMut   .         NoTele   +     (no boots)
MR     .....                    (no amulet)
Stlth  ++........               E - +6 ring of intelligence
                                F - +6 ring of intelligence

@: not resistant to hostile enchantments, unstealthy
A: no striking features
a: Renounce Religion


You were in the Dungeon.
You worshipped Vehumet.
Vehumet was pleased with you.
You were not hungry.

You visited 1 branch

Inventory:

Hand weapons
 I - a +5 quick blade (weapon)
Armour
 a - a +0 robe (worn)
 J - a +3 buckler (worn)
Jewellery
 C - a +6 ring of dexterity
 D - a +6 ring of dexterity
 E - a +6 ring of intelligence (right hand)
 F - a +6 ring of intelligence (left hand)
 G - a +6 ring of strength
 H - a +6 ring of strength
Magical devices
 y - a wand of disintegration (7)
 z - a wand of fire (5)
 A - a wand of cold (5)
 B - a wand of draining (5)
Scrolls
 i - 4 scrolls of blinking
 p - 4 scrolls of amnesia
 q - 3 scrolls of recharging
 r - 7 scrolls of fog
 s - a scroll of holy word
 t - 5 scrolls of identify
 u - 5 scrolls of remove curse
 v - 2 scrolls of fear
Potions
 d - 10 potions of curing
 e - 10 potions of heal wounds
 f - 6 potions of haste
 g - 7 potions of magic
 h - 3 potions of berserk rage
 j - 2 potions of brilliance
 k - 2 potions of invisibility
 l - 4 potions of resistance
 n - 5 potions of agility
 o - 5 potions of might
Books
 b - a book of Flames

   Spells                             Type                      Level
   a - Flame Tongue                   Conjuration/Fire             1
   b - Throw Flame                    Conjuration/Fire             2
   c - Conjure Flame                  Conjuration/Fire             3
   d - Inner Flame                    Hexes/Fire                   3
   e - Sticky Flame                   Conjuration/Fire             4
   f - Fireball                       Conjuration/Fire             5
Comestibles
 c - 5 bread rations
 w - 42 fruits
 x - 4 meat rations


   Skills:
 - Level 2.4 Dodging
 - Level 2.4 Stealth
 + Level 12.0 Spellcasting
 - Level 1.1 Conjurations
 + Level 10.5 Fire Magic


You had 21 spell levels left.
You knew the following spells:

 Your Spells              Type           Power        Failure   Level  Hunger
a - Flame Tongue          Conj/Fire      #####        1%          1    None
b - Throw Flame           Conj/Fire      ######       1%          2    None
c - Sticky Flame          Conj/Fire      ######..     4%          4    None


Dungeon Overview and Level Annotations

Branches:
Dungeon (1/1)

Altars:
Ashenzari
Cheibriados
Dithmenos
Elyvilon
Fedhas
Gozag
Kikubaaqudgha
Makhleb
Nemelex Xobeh
Okawaru
Qazlal
Ru
Sif Muna
Trog
Vehumet
Xom
Yredelemnul
Zin
The Shining One
Beogh
Jiyva
Lugonu


Message History

Casting: Flame Tongue
Confirm with . or Enter, or press ? or * to list all spells.
Aiming: Flame Tongue
Press: ? - help, Shift-Dir - straight line, f/p - phantom
Aim: a phantom (severely damaged)
The flame tongue hits the phantom.
The phantom is almost destroyed.
The bat zombie hits you. You block the bat zombie's attack.
The bat zombie hits you but does no damage.
You hit the bat zombie. The bat zombie closely misses you.
You block the bat zombie's attack.
You barely miss the bat zombie. The bat zombie hits you.
* * * LOW HITPOINT WARNING * * *
The bat zombie barely misses you.
You hit the bat zombie. The bat zombie hits you.
* * * LOW HITPOINT WARNING * * *
You block the bat zombie's attack.
You completely miss the bat zombie. The bat zombie barely misses you.
The phantom hits you!
You die...

▓▓▓▓▓▓▓▓▓▓▓▓▓▓▓▓▓▓
▓.8©8.▓.8©8.▓.8©8.
▓.)|[.▓.[)}.▓.|...
▓..}..▓.....▓.).).
▓.....▓.....▓...).
▓.W...▓.....▓.....
▓@.†..▓.....▓.....
▓.Z...▓.....▓▓▓▓▓▓
▓▓▓▓▓▓▓▓▓▓▓▓▓


You could see a phantom and a bat zombie.

Vanquished Creatures
  2 necrophages (D)
  An orc wizard (D)
  An orc priest (D)
  2 mummies (D)
  A bat zombie (D)
7 creatures vanquished.

Notes
Turn   | Place    | Note
--------------------------------------------------------------
     0 | D        | nuthulu the Deep Elf Fire Elementalist began the quest for the Orb.
     0 | D        | Reached XP level 1. HP: 10/10 MP: 6/6
     0 | D        | Found a roughly hewn altar of Beogh.
     0 | D        | Found a corrupted altar of Lugonu.
     0 | D        | Found a viscous altar of Jiyva.
     0 | D        | Found a white marble altar of Elyvilon.
     0 | D        | Found a sparkling altar of Nemelex Xobeh.
     0 | D        | Found a burning altar of Makhleb.
     0 | D        | Found an iron altar of Okawaru.
     0 | D        | Found a deep blue altar of Sif Muna.
     0 | D        | Found a radiant altar of Vehumet.
     0 | D        | Found a bloodstained altar of Trog.
     0 | D        | Found a shimmering altar of Xom.
    34 | D        | Became a worshipper of Vehumet
    55 | D        | Reached skill level 7 in Spellcasting
    55 | D        | Reached XP level 2. HP: 15/15 MP: 7/12
    93 | D        | Entered arena 1.
    93 | D        | Noticed an orc wizard
    93 | D        | Noticed an orc priest
    96 | D        | Killed an orc priest
    96 | D        | Reached skill level 8 in Spellcasting
    96 | D        | Reached XP level 3. HP: 19/19 MP: 9/14
   101 | D        | Killed an orc wizard
   101 | D        | Reached skill level 9 in Spellcasting
   120 | D        | Learned a level 2 spell: Throw Flame
   251 | D        | Entered arena 2.
   252 | D        | Acquired Vehumet's first power
   252 | D        | Offered knowledge of Magic Dart by Vehumet.
   256 | D        | Reached XP level 4. HP: 24/24 MP: 12/17
   263 | D        | Learned a level 4 spell: Sticky Flame
   296 | D        | Entered arena 3.
   296 | D        | Noticed a phantom
   296 | D        | Noticed a necrophage
   296 | D        | Noticed a necrophage
   300 | D        | Killed a necrophage
   300 | D        | Reached skill level 11 in Spellcasting
   300 | D        | Reached XP level 5. HP: 21/28 MP: 7/20
   305 | D        | Killed a necrophage
   305 | D        | Reached skill level 12 in Spellcasting
   305 | D        | Reached skill level 10 in Fire Magic
   322 | D        | Slain by a phantom

Vault maps used:
D:        sprint_v

Action                   |  1- 3 |  4- 6 || total
-------------------------+-------+-------++-------
Melee: Quick blade       |       |    12 ||    12
 Cast: Flame Tongue      |    11 |    10 ||    21
       Sticky Flame      |       |     3 ||     3
  Use: Potion            |     1 |       ||     1
